[Event "Israel Championship 2021"]
[Site "Haifa"]
[Date "2021.03.09"]
[Round "3.14"]
[White "Kochavi, Ori"]
[Black "Parnes, Nadav"]
[Result "0-1"]
[ECO "B06"]
[WhiteElo "2273"]
[BlackElo "2273"]
[Annotator "RC"]
[PlyCount "102"]
[EventDate "2021.01.10"]
[EventType "swiss"]
[EventCountry "ISR"]
[SourceTitle "playchess.com"]
[Source "ChessBase"]
[SourceQuality "1"]
[TimeControl "40/5400+30:3600+30"]

1. e4 g6 2. d4 Bg7 3. Nf3 d6 4. Bc4 Nf6 5. Qe2 O-O 6. O-O c6 7. Bb3 Qc7 8. e5 dxe5 9. dxe5 Nd5 10. c4 Nb6 11. Bf4 Bg4 12. Nbd2 Na6 13. Qe3 Qc8 14. h3 Be6 15. Rac1 Rd8 16. a3 c5 17. Bh6 Bf5 18. Rfe1 Qc6 19. Qg5 Re8 20. Qh4 Nd7 21. Bxg7 Kxg7 22. e6 Bxe6 23. Ng5 Nf8 24. Ndf3 h6 25. Nxe6+ Nxe6 26. Ne5 Qd6 27. Ba4 Red8 28. Rc3 Nd4 29. Qe4 Nc7 30. Rg3 Ne8 31. b4 b6 32. bxc5 bxc5 33. Nd3 Nf5 34. Qxf5 Qxg3 35. fxg3 gxf5 36. Nxc5 e6 37. Na6 Rac8 38. c5 Nc7 39. Nb4 Rd4 40. Bc6 Nd5 41. Bxd5 exd5 42. Nc2 Re4 43. Rf1 Rxc5 44. Nb4 d4 45. Nd3 Rc3 46. Nf4 d3 47. Nh5+ Kg6 48. Nf4+ Rxf4 49. gxf4 d2 50. Kf2 Rc1 51. Ke2 Rxf1 0-1

[Event "Israel Championship 2021"]
[Site "Haifa"]
[Date "2021.03.13"]
[Round "7.2"]
[White "Boruchovsky, Avital"]
[Black "Gorodetsky, David"]
[Result "1/2-1/2"]
[ECO "E04"]
[WhiteElo "2541"]
[BlackElo "2495"]
[Annotator "ChessBase"]
[PlyCount "79"]
[EventDate "2021.01.10"]
[EventType "swiss"]
[EventCountry "ISR"]
[SourceTitle "playchess.com"]
[Source "ChessBase"]
[SourceQuality "1"]
[TimeControl "40/5400+30:3600+30"]

1. d4 Nf6 2. c4 e6 3. Nf3 d5 4. g3 dxc4 5. Bg2 a6 6. O-O Nc6 7. Be3 Nd5 8. Qc1 Be7 9. Qxc4 Nxe3 10. fxe3 O-O 11. a3 Bd6 12. Nc3 Qf6 13. Rf2 Qh6 14. Qd3 Ne7 15. Nd2 c6 16. Nc4 Bc7 17. b4 e5 18. Ne4 Nd5 19. Nc5 b6 20. Nb3 Be6 21. dxe5 Rad8 22. Nd4 Nxe3 23. Nxe3 Bxe5 24. Nec2 c5 25. bxc5 bxc5 26. e3 cxd4 27. exd4 Bf6 28. Raf1 Rd6 29. d5 Bd7 30. Nd4 Re8 31. Nf5 Bxf5 32. Rxf5 Qe3+ 33. Qxe3 Rxe3 34. R5f3 Rxf3 35. Bxf3 Kf8 36. Rc1 Ke7 37. a4 Kd8 38. Kg2 Rb6 39. Rc4 Be5 40. Rc6 1/2-1/2

[Event "Israel Championship 2021"]
[Site "Haifa"]
[Date "2021.03.13"]
[Round "7.3"]
[White "Sokolovsky, Yahli"]
[Black "Gorshtein, Ido"]
[Result "1/2-1/2"]
[ECO "C03"]
[WhiteElo "2472"]
[BlackElo "2387"]
[Annotator "ChessBase"]
[PlyCount "52"]
[EventDate "2021.01.10"]
[EventType "swiss"]
[EventCountry "ISR"]
[SourceTitle "playchess.com"]
[Source "ChessBase"]
[SourceQuality "1"]
[TimeControl "40/5400+30:3600+30"]

1. e4 e6 2. d4 d5 3. Nd2 c5 4. Ngf3 Nf6 5. exd5 Nxd5 6. Nb3 cxd4 7. Nbxd4 Be7 8. c3 O-O 9. Bd3 Bf6 10. Qc2 h6 11. O-O Qc7 12. Be4 Rd8 13. Bd2 Na6 14. Rad1 Nc5 15. Bh7+ Kh8 16. b4 Na6 17. Be4 Bd7 18. a3 Nb6 19. Rc1 Rac8 20. Qa2 Nc4 21. Be3 e5 22. Nc6 Bxc6 23. Qxc4 b5 24. Qxc6 Qxc6 25. Bxc6 Rxc6 26. a4 Nc7 1/2-1/2

[Event "Israel Championship 2021"]
[Site "Haifa"]
[Date "2021.03.13"]
[Round "7.5"]
[White "Rozen, Eytan"]
[Black "Kobo, Ori"]
[Result "0-1"]
[ECO "D35"]
[WhiteElo "2399"]
[BlackElo "2460"]
[Annotator "ChessBase"]
[PlyCount "80"]
[EventDate "2021.01.10"]
[EventType "swiss"]
[EventCountry "ISR"]
[SourceTitle "playchess.com"]
[Source "ChessBase"]
[SourceQuality "1"]
[TimeControl "40/5400+30:3600+30"]

1. d4 Nf6 2. c4 e6 3. g3 d5 4. Bg2 h6 5. Nf3 Bd6 6. O-O Nc6 7. cxd5 exd5 8. Nc3 O-O 9. Bf4 Bxf4 10. gxf4 Ne7 11. e3 Nf5 12. b4 Nd6 13. Qb3 Be6 14. Ne5 Nfe4 15. Nxe4 Nxe4 16. Rfd1 Qe8 17. Rac1 c6 18. b5 f6 19. bxc6 fxe5 20. cxb7 Rb8 21. dxe5 Qf7 22. f3 d4 23. Qc2 Nc3 24. Rxd4 Nxa2 25. Ra1 Rxb7 26. f5 Qxf5 27. Qxf5 Rxf5 28. Rd6 Rb2 29. f4 Kf7 30. Ra6 Nc3 31. Rxa7+ Kg8 32. Ra8+ Kh7 33. Re8 Bf7 34. Re7 Bd5 35. Bf1 Ne2+ 36. Bxe2 Rxe2 37. Rd7 Bf3 38. e6 Rh5 39. e7 Rhxh2 40. e8=Q Rh1# 0-1

[Event "Israel Championship 2021"]
[Site "Haifa"]
[Date "2021.03.13"]
[Round "7.6"]
[White "Tzidkiya, Yeshaayahu"]
[Black "Birnboim, Nathan"]
[Result "0-1"]
[ECO "B33"]
[WhiteElo "2380"]
[BlackElo "2381"]
[Annotator "ChessBase"]
[PlyCount "94"]
[EventDate "2021.01.10"]
[EventType "swiss"]
[EventCountry "ISR"]
[SourceTitle "playchess.com"]
[Source "ChessBase"]
[SourceQuality "1"]
[TimeControl "40/5400+30:3600+30"]

1. e4 c5 2. Nf3 Nc6 3. d4 cxd4 4. Nxd4 Nf6 5. Nc3 e5 6. Ndb5 d6 7. Bg5 a6 8. Na3 b5 9. Nd5 Be7 10. Bxf6 Bxf6 11. c4 b4 12. Nc2 O-O 13. g3 Rb8 14. Qd3 Bg5 15. h4 Bh6 16. Bh3 Be6 17. Kf1 a5 18. b3 Bxd5 19. cxd5 Na7 20. a3 Qc7 21. axb4 axb4 22. Kg2 Nb5 23. Nxb4 Qc3 24. Ra4 Qxd3 25. Nxd3 Nc3 26. Rc4 Rxb3 27. Nb4 g6 28. Ra1 Nb1 29. Nc6 Rb2 30. Ne7+ Kg7 31. Nc8 Nd2 32. Rca4 Rd8 33. Re1 Rc2 34. Ne7 Rb8 35. Bg4 Nc4 36. Re2 Rc1 37. Kh2 Nd2 38. Ra2 Rd1 39. f4 exf4 40. Kg2 Nc4 41. gxf4 Rbb1 42. Rf2 Rg1+ 43. Kh3 Rb3+ 44. Rf3 Rxf3+ 45. Bxf3 Bxf4 46. Bg2 Ne3 47. Nc6 h5 0-1

[Event "Israel Championship 2021"]
[Site "Haifa"]
[Date "2021.03.13"]
[Round "7.8"]
[White "Steinberg, Nitzan"]
[Black "Ben Ari, Yannay"]
[Result "1-0"]
[ECO "B30"]
[WhiteElo "2553"]
[BlackElo "2403"]
[Annotator "ChessBase"]
[PlyCount "77"]
[EventDate "2021.01.10"]
[EventType "swiss"]
[EventCountry "ISR"]
[SourceTitle "playchess.com"]
[Source "ChessBase"]
[SourceQuality "1"]
[TimeControl "40/5400+30:3600+30"]

1. e4 c5 2. Nf3 Nc6 3. Bb5 e6 4. O-O Nge7 5. Re1 Nd4 6. Nxd4 cxd4 7. d3 a6 8. Ba4 Nc6 9. Nd2 b5 10. Bb3 Bb7 11. a3 Bd6 12. Nf3 O-O 13. Bd2 Rc8 14. Rc1 Qb6 15. Ng5 h6 16. Nh3 Kh7 17. f4 Qd8 18. f5 Qh4 19. Rf1 Ne5 20. Rf4 Qf6 21. fxe6 Qg6 22. exd7 Nxd7 23. Rg4 Qf6 24. Qe2 Ne5 25. Rf4 Qg6 26. Rcf1 Rce8 27. Rf5 Kh8 28. Bxh6 gxh6 29. Rf6 Qg7 30. Rxd6 Rg8 31. Rff6 Re6 32. Rfxe6 fxe6 33. Rxe6 Ng4 34. Nf4 Qg5 35. g3 Kh7 36. Rb6 Rg7 37. h4 Qe7 38. Ne6 Rg6 39. Rxb7 1-0

[Event "Israel Championship 2021"]
[Site "Haifa"]
[Date "2021.03.13"]
[Round "7.9"]
[White "Rechlis, Gad"]
[Black "Haimovich, Tal"]
[Result "1-0"]
[ECO "C95"]
[WhiteElo "2513"]
[BlackElo "2375"]
[Annotator "ChessBase"]
[PlyCount "99"]
[EventDate "2021.01.10"]
[EventType "swiss"]
[EventCountry "ISR"]
[SourceTitle "playchess.com"]
[Source "ChessBase"]
[SourceQuality "1"]
[TimeControl "40/5400+30:3600+30"]

1. e4 e5 2. Nf3 Nc6 3. Bb5 a6 4. Ba4 Nf6 5. O-O Be7 6. Re1 b5 7. Bb3 d6 8. c3 O-O 9. h3 Nb8 10. d4 Nbd7 11. Nbd2 Bb7 12. Bc2 Re8 13. b3 Bf8 14. Bb2 g6 15. a4 Bg7 16. d5 c6 17. c4 b4 18. a5 c5 19. Nf1 Nh5 20. Ne3 Bc8 21. Kh2 Ra7 22. Ng1 Ndf6 23. g3 Rae7 24. Ra2 Rf8 25. Bb1 Kh8 26. Ng2 Ng8 27. f4 exf4 28. Bxg7+ Nxg7 29. gxf4 Rfe8 30. Rae2 f6 31. Qd2 Qxa5 32. Nf3 Qd8 33. Ngh4 Qd7 34. Kg1 a5 35. e5 f5 36. Qb2 Nh6 37. e6 Qd8 38. Rg2 Rf8 39. Kh1 Rc7 40. Nxg6+ hxg6 41. Rxg6 Ng8 42. Reg1 Rf6 43. Bxf5 Rxg6 44. Rxg6 Qf8 45. Nh4 a4 46. bxa4 Ba6 47. Bd3 Bxc4 48. Bxc4 Ne7 49. f5 Nexf5 50. Rf6 1-0

[Event "Israel Championship 2021"]
[Site "Haifa"]
[Date "2021.03.13"]
[Round "7.10"]
[White "Iliaguev, Nisim"]
[Black "Kraus, Ohad"]
[Result "1-0"]
[ECO "A30"]
[WhiteElo "2332"]
[BlackElo "2363"]
[Annotator "ChessBase"]
[PlyCount "89"]
[EventDate "2021.01.10"]
[EventType "swiss"]
[EventCountry "ISR"]
[SourceTitle "playchess.com"]
[Source "ChessBase"]
[SourceQuality "1"]
[TimeControl "40/5400+30:3600+30"]

1. c4 Nf6 2. g3 c5 3. Bg2 e6 4. Nf3 Qc7 5. O-O b6 6. d4 Bb7 7. Nc3 a6 8. d5 exd5 9. cxd5 d6 10. a4 Nbd7 11. e4 Be7 12. Nh4 Ng8 13. Nf5 g6 14. Ne3 f6 15. f4 Nh6 16. Nc4 Nf7 17. Bh3 Rd8 18. Be6 Nf8 19. Qb3 Rb8 20. Bxf7+ Kxf7 21. Qxb6 Qxb6 22. Nxb6 Ke8 23. Nc4 Nd7 24. Bd2 Bc8 25. Nd1 h5 26. Bc3 Rh7 27. Nde3 Bf8 28. Rae1 Rb7 29. Na5 Rb8 30. Nc6 Rb7 31. Nc4 Rf7 32. Rf2 Nb6 33. N6a5 Nxc4 34. Nxc4 Bd7 35. e5 fxe5 36. fxe5 Rxf2 37. exd6+ Kf7 38. Kxf2 Bxa4 39. Re6 Bg7 40. Bxg7 Kxg7 41. Ne5 Rxb2+ 42. Ke3 Rb3+ 43. Kf4 Rb4+ 44. Kg5 Rd4 45. Re7+ 1-0

[Event "Israel Championship 2021"]
[Site "Haifa"]
[Date "2021.03.13"]
[Round "7.12"]
[White "Kupervaser, Erez"]
[Black "Gruenfeld, Yehuda"]
[Result "1-0"]
[ECO "B52"]
[WhiteElo "2371"]
[BlackElo "2412"]
[Annotator "NA"]
[PlyCount "69"]
[EventDate "2021.01.10"]
[EventType "swiss"]
[EventCountry "ISR"]
[SourceTitle "playchess.com"]
[Source "ChessBase"]
[SourceQuality "1"]
[TimeControl "40/5400+30:3600+30"]

1. e4 c5 2. Nf3 d6 3. Bb5+ Bd7 4. Bxd7+ Qxd7 5. O-O Nf6 6. e5 dxe5 7. Nxe5 Qc8 8. a4 Nc6 9. Nc4 e6 10. Re1 Be7 11. Ra3 O-O 12. Rg3 Rd8 13. Nc3 Nd4 14. d3 Qc7 15. Bg5 g6 16. Qc1 Nh5 17. Bxe7 Qxe7 18. Rh3 f5 19. Nb5 Nxb5 20. axb5 Re8 21. Qe3 a6 22. Nb6 Rad8 23. bxa6 bxa6 24. Qe5 Ng7 25. Rhe3 Qd6 26. Nc4 Qc6 27. Qc3 Rd5 28. Ra1 Re7 29. Ree1 Nh5 30. Ra5 f4 31. Nd2 Ra7 32. b3 f3 33. g3 Rf5 34. Ne4 Kf7 35. g4 1-0

[Event "Israel Championship 2021"]
[Site "Haifa"]
[Date "2021.03.13"]
[Round "7.13"]
[White "Kochavi, Ori"]
[Black "Shohat, Yotam"]
[Result "1-0"]
[ECO "E61"]
[WhiteElo "2273"]
[BlackElo "2371"]
[Annotator "ChessBase"]
[PlyCount "109"]
[EventDate "2021.01.10"]
[EventType "swiss"]
[EventCountry "ISR"]
[SourceTitle "playchess.com"]
[Source "ChessBase"]
[SourceQuality "1"]
[TimeControl "40/5400+30:3600+30"]

1. Nf3 Nf6 2. e3 g6 3. b4 Bg7 4. Bb2 O-O 5. c4 d6 6. d4 Nbd7 7. Be2 e5 8. Nc3 Re8 9. O-O e4 10. Nd2 Nf8 11. Qc2 Bf5 12. a4 h5 13. a5 a6 14. b5 N8h7 15. c5 d5 16. c6 bxc6 17. bxa6 c5 18. Bb5 Re6 19. Nb3 Ng4 20. h3 Ng5 21. Ne2 Bh6 22. Ng3 Nxh3+ 23. gxh3 Qh4 24. hxg4 Bxg4 25. Rfe1 c4 26. Bxc4 dxc4 27. Qxc4 Rf6 28. Qf1 Bh3 29. Qe2 Bg4 30. Qf1 Bh3 31. Qe2 Bg4 32. Qf1 Bf3 33. Rac1 Qg4 34. Kh2 h4 35. Qh3 hxg3+ 36. fxg3 Rf5 37. Rc5 Qxh3+ 38. Kxh3 Rxa6 39. g4 Rg5 40. Rxg5 Bxg5 41. d5 f5 42. Be5 Bxg4+ 43. Kg3 Ra7 44. Bd4 Ra8 45. Rc1 Be7 46. Be5 Bd6 47. Bxd6 cxd6 48. Kf4 Kf7 49. Kg5 Ra7 50. Rc6 Bd1 51. Nd4 Rxa5 52. Rc7+ Ke8 53. Kf6 Ba4 54. Ne6 Bd7 55. Rb7 1-0

[Event "Israel Championship 2021"]
[Site "Haifa"]
[Date "2021.03.13"]
[Round "7.14"]
[White "Efroimski, Marsel"]
[Black "Parnes, Nadav"]
[Result "1-0"]
[ECO "B08"]
[WhiteElo "2357"]
[BlackElo "2273"]
[Annotator "NA"]
[PlyCount "73"]
[EventDate "2021.01.10"]
[EventType "swiss"]
[EventCountry "ISR"]
[SourceTitle "playchess.com"]
[Source "ChessBase"]
[SourceQuality "1"]
[TimeControl "40/5400+30:3600+30"]

1. e4 d6 2. d4 Nf6 3. Nc3 g6 4. Bf4 c6 5. Qd2 Nbd7 6. Nf3 Bg7 7. Bh6 O-O 8. h4 e5 9. h5 Nxh5 10. O-O-O Bxh6 11. Qxh6 Qf6 12. dxe5 dxe5 13. Rxd7 Bxd7 14. Rxh5 Qf4+ 15. Qxf4 exf4 16. Rh1 f6 17. Bd3 Kg7 18. Ne2 g5 19. e5 h6 20. exf6+ Rxf6 21. Nxg5 Bg4 22. f3 hxg5 23. Rh7+ Kg8 24. fxg4 b5 25. Rh5 Kf7 26. Rxg5 Rg8 27. Rxg8 Kxg8 28. Bf5 Rh6 29. Nxf4 Rh1+ 30. Kd2 Rb1 31. Nd3 c5 32. b3 Rg1 33. Nxc5 Rxg2+ 34. Kc3 a5 35. Nb7 Rg3+ 36. Kd4 a4 37. Ke4 1-0

[Event "Israel Championship 2021"]
[Site "Haifa"]
[Date "2021.03.13"]
[Round "7.15"]
[White "Stolyarsky, Yegor"]
[Black "Aizenberg, Benny"]
[Result "0-1"]
[ECO "A57"]
[WhiteElo "2063"]
[BlackElo "2307"]
[Annotator "NA"]
[PlyCount "92"]
[EventDate "2021.01.10"]
[EventType "swiss"]
[EventCountry "ISR"]
[SourceTitle "playchess.com"]
[Source "ChessBase"]
[SourceQuality "1"]
[TimeControl "40/5400+30:3600+30"]

1. d4 Nf6 2. Nf3 c5 3. d5 b5 4. c4 g6 5. cxb5 a6 6. b6 d6 7. Nc3 Nbd7 8. e4 Bg7 9. Be2 O-O 10. a4 a5 11. Nd2 Nxb6 12. O-O Ba6 13. Nb5 Rb8 14. Ra2 Na8 15. b3 Nc7 16. Na7 Bxe2 17. Qxe2 Qd7 18. Nc6 Ra8 19. Nc4 Ncxd5 20. exd5 Nxd5 21. Nxe7+ Nxe7 22. Nb6 Qb7 23. Nxa8 Nf5 24. Bb2 Rxa8 25. Bxg7 Kxg7 26. Qc4 Nd4 27. Rd1 Re8 28. Rad2 Re4 29. Rxd4 cxd4 30. f3 Rf4 31. g3 Qxf3 32. Qd3 Qg4 33. b4 axb4 34. h3 Qg5 35. a5 Rf6 36. Ra1 Qd5 37. a6 Rf3 38. Qe2 Rxg3+ 39. Kh2 Re3 40. Qf2 Qe5+ 41. Kg1 Rg3+ 42. Kf1 Qb5+ 43. Qe2 Rf3+ 44. Ke1 Re3 45. Qxe3 dxe3 46. a7 Qd5 0-1

[Event "Israel Championship 2021"]
[Site "Haifa"]
[Date "2021.03.13"]
[Round "7.16"]
[White "Ben Artzi, Ido"]
[Black "Katz, Kiril"]
[Result "1-0"]
[ECO "B07"]
[WhiteElo "2368"]
[BlackElo "1957"]
[Annotator "NA"]
[PlyCount "55"]
[EventDate "2021.01.10"]
[EventType "swiss"]
[EventCountry "ISR"]
[SourceTitle "playchess.com"]
[Source "ChessBase"]
[SourceQuality "1"]
[TimeControl "40/5400+30:3600+30"]

1. d4 Nf6 2. Nf3 g6 3. Nbd2 Bg7 4. e4 d6 5. Bd3 O-O 6. O-O e5 7. c3 Nc6 8. dxe5 Nxe5 9. Nxe5 dxe5 10. Nc4 Qe7 11. b3 Rd8 12. Ba3 Qe8 13. Qe2 b6 14. Rfd1 Ba6 15. f3 Nh5 16. g3 Qe6 17. Ne3 Bxd3 18. Rxd3 Rxd3 19. Qxd3 Bh6 20. Rd1 Qh3 21. Ng4 Bg5 22. Qd7 Kg7 23. Qxc7 Re8 24. Rd7 Kg8 25. Rxf7 Rd8 26. Nh6+ Bxh6 27. Qxd8+ Kxf7 28. Qe7+ 1-0

[Event "Israel Championship 2021"]
[Site "Haifa"]
[Date "2021.03.14"]
[Round "8.2"]
[White "Gorshtein, Ido"]
[Black "Parkhov, Yair"]
[Result "1/2-1/2"]
[ECO "D35"]
[WhiteElo "2387"]
[BlackElo "2407"]
[Annotator "ChessBase"]
[PlyCount "69"]
[EventDate "2021.01.10"]
[EventType "swiss"]
[EventCountry "ISR"]
[SourceTitle "playchess.com"]
[Source "ChessBase"]
[SourceQuality "1"]
[TimeControl "40/5400+30:3600+30"]

1. c4 c6 2. Nc3 d5 3. d4 Nf6 4. Nf3 e6 5. cxd5 exd5 6. Bg5 h6 7. Bh4 Bf5 8. e3 Nbd7 9. Bd3 Bxd3 10. Qxd3 Bd6 11. Bg3 Bxg3 12. hxg3 Qe7 13. Rb1 a5 14. Nd2 O-O 15. f3 h5 16. Kf2 g6 17. Nb3 Kg7 18. Nc1 b5 19. Qd2 Nb6 20. b3 b4 21. N3e2 Nc8 22. Nd3 Nd6 23. Nc5 Nf5 24. Nf4 Rae8 25. Rbe1 Qd6 26. Qd3 Re7 27. Re2 Rfe8 28. Rhe1 Kg8 29. Qb1 Nh6 30. Qc1 g5 31. Nfd3 Nhg4+ 32. fxg4 Nxg4+ 33. Kg1 Qxg3 34. Nf2 f5 35. Ncd3 1/2-1/2

[Event "Israel Championship 2021"]
[Site "Haifa"]
[Date "2021.03.14"]
[Round "8.4"]
[White "Kobo, Ori"]
[Black "Sokolovsky, Yahli"]
[Result "1-0"]
[ECO "C77"]
[WhiteElo "2460"]
[BlackElo "2472"]
[Annotator "ChessBase"]
[PlyCount "65"]
[EventDate "2021.01.10"]
[EventType "swiss"]
[EventCountry "ISR"]
[SourceTitle "playchess.com"]
[Source "ChessBase"]
[SourceQuality "1"]
[TimeControl "40/5400+30:3600+30"]

1. e4 e5 2. Nf3 Nc6 3. Bb5 a6 4. Ba4 Nf6 5. d3 d6 6. c4 g6 7. Nc3 Bg7 8. Nd5 h6 9. Nb4 Bd7 10. Nxc6 bxc6 11. c5 O-O 12. O-O Re8 13. Re1 d5 14. b4 a5 15. a3 axb4 16. axb4 dxe4 17. dxe4 Nxe4 18. Bb2 f5 19. Bb3+ Be6 20. Bxe6+ Rxe6 21. Qb3 Kf7 22. Rxa8 Qxa8 23. Bxe5 Qc8 24. h4 Qd7 25. Rd1 Qe7 26. Rd3 Qe8 27. Bxc7 g5 28. Rd8 Qe7 29. Qd3 Nf6 30. hxg5 Qxc7 31. gxf6 Kxf6 32. Rd7 Qf4 33. Qc3+ 1-0

[Event "Israel Championship 2021"]
[Site "Haifa"]
[Date "2021.03.14"]
[Round "8.8"]
[White "Solomon, Asif"]
[Black "Rozen, Eytan"]
[Result "1-0"]
[ECO "D30"]
[WhiteElo "2356"]
[BlackElo "2399"]
[Annotator "ChessBase"]
[PlyCount "101"]
[EventDate "2021.01.10"]
[EventType "swiss"]
[EventCountry "ISR"]
[SourceTitle "playchess.com"]
[Source "ChessBase"]
[SourceQuality "1"]
[TimeControl "40/5400+30:3600+30"]

1. d4 e6 2. c4 c6 3. Nf3 Nf6 4. e3 a6 5. Bd3 d5 6. b3 Nbd7 7. O-O b5 8. Nbd2 Bd6 9. Bb2 Qe7 10. Ne5 Bb7 11. c5 Bxe5 12. dxe5 Ng8 13. b4 a5 14. a3 f6 15. f4 Nh6 16. Qc2 fxe5 17. Bxh7 e4 18. Bg6+ Kd8 19. h3 Nf8 20. Bxe4 dxe4 21. Nxe4 Nf5 22. Rad1+ Ke8 23. Rd3 Rd8 24. Rfd1 Rd5 25. Ng5 Rxd3 26. Rxd3 Nh7 27. e4 Nxg5 28. exf5 Ne4 29. fxe6 Nf6 30. Rd6 Rh6 31. f5 Nd5 32. bxa5 Qg5 33. Bc1 Qg3 34. Qf2 Rxh3 35. Qxg3 Rxg3 36. Kh2 Rg4 37. Kh3 Ra4 38. Rd7 b4 39. axb4 Rxb4 40. Bg5 Rb3+ 41. g3 Nf6 42. Rxg7 Rxg3+ 43. Kxg3 Nh5+ 44. Kg4 Nxg7 45. Bh6 Nh5 46. Kxh5 Ba8 47. f6 Kd8 48. f7 Kc8 49. f8=Q+ Kc7 50. Bf4+ Kb7 51. Qb8+ 1-0

[Event "Israel Championship 2021"]
[Site "Haifa"]
[Date "2021.03.14"]
[Round "8.9"]
[White "Tzidkiya, Yeshaayahu"]
[Black "Kochavi, Ori"]
[Result "0-1"]
[ECO "A08"]
[WhiteElo "2380"]
[BlackElo "2273"]
[Annotator "ChessBase"]
[PlyCount "68"]
[EventDate "2021.01.10"]
[EventType "swiss"]
[EventCountry "ISR"]
[SourceTitle "playchess.com"]
[Source "ChessBase"]
[SourceQuality "1"]
[TimeControl "40/5400+30:3600+30"]

1. Nf3 d5 2. g3 Nf6 3. Bg2 e6 4. O-O c5 5. d3 Nc6 6. Na3 Be7 7. Bf4 O-O 8. e4 Qb6 9. e5 Nd7 10. Rb1 Rd8 11. c4 Nf8 12. Qe2 Nd4 13. Nxd4 cxd4 14. b4 a5 15. c5 Qc6 16. b5 Qxc5 17. Nc2 a4 18. Bc1 Qb6 19. Bb2 Bc5 20. Ba3 Bd7 21. Bxc5 Qxc5 22. Rfc1 Rdc8 23. Qd2 Ng6 24. f4 Qb6 25. Qb4 Rc5 26. Qxd4 Qc7 27. b6 Qc6 28. Qf2 Rc8 29. Rb2 a3 30. Rb3 Rxc2 31. Rxc2 Qxc2 32. Qxc2 Rxc2 33. Rxa3 Rb2 34. Ra8+ Nf8 0-1

[Event "Israel Championship 2021"]
[Site "Haifa"]
[Date "2021.03.14"]
[Round "8.10"]
[White "Ben Ari, Yannay"]
[Black "Kupervaser, Erez"]
[Result "1/2-1/2"]
[ECO "A47"]
[WhiteElo "2403"]
[BlackElo "2371"]
[Annotator "ChessBase"]
[PlyCount "89"]
[EventDate "2021.01.10"]
[EventType "swiss"]
[EventCountry "ISR"]
[SourceTitle "playchess.com"]
[Source "ChessBase"]
[SourceQuality "1"]
[TimeControl "40/5400+30:3600+30"]

1. d4 Nf6 2. Bf4 e6 3. e3 b6 4. Nf3 Bb7 5. Bd3 Bd6 6. Bg3 Bxg3 7. hxg3 d6 8. Nbd2 Nbd7 9. e4 e5 10. c3 Qe7 11. Qe2 O-O 12. O-O-O Rfe8 13. Rh4 Nf8 14. Re1 Ng6 15. Rhh1 a5 16. Kb1 Rad8 17. d5 c6 18. c4 a4 19. Rc1 Nd7 20. Nh4 Nxh4 21. Rxh4 h6 22. Nf1 Nc5 23. dxc6 Bxc6 24. Ne3 Qb7 25. Nf5 Re6 26. Ka1 Rb8 27. Rd1 Qa7 28. g4 b5 29. g5 Nxd3 30. Rxd3 bxc4 31. Rg3 Rb3 32. gxh6 g6 33. Qd2 Kh7 34. Kb1 c3 35. Rxc3 Rxc3 36. Qxc3 Qxf2 37. Qxc6 gxf5 38. exf5 Qxf5+ 39. Qe4 Qxe4+ 40. Rxe4 f5 41. Rxa4 e4 42. Kc1 Rg6 43. Ra5 Rxg2 44. Rxf5 e3 45. Rf7+ 1/2-1/2

[Event "Israel Championship 2021"]
[Site "Haifa"]
[Date "2021.03.14"]
[Round "8.11"]
[White "Aizenberg, Benny"]
[Black "Dvoirys, Semen I."]
[Result "0-1"]
[ECO "B97"]
[WhiteElo "2307"]
[BlackElo "2483"]
[Annotator "ChessBase"]
[PlyCount "90"]
[EventDate "2021.01.10"]
[EventType "swiss"]
[EventCountry "ISR"]
[SourceTitle "playchess.com"]
[Source "ChessBase"]
[SourceQuality "1"]
[TimeControl "40/5400+30:3600+30"]

1. e4 c5 2. Nf3 d6 3. d4 cxd4 4. Nxd4 Nf6 5. Nc3 a6 6. Bg5 e6 7. f4 Qb6 8. Qd2 Qxb2 9. Rb1 Qa3 10. f5 Nc6 11. fxe6 fxe6 12. Nxc6 bxc6 13. Be2 Qa5 14. O-O Be7 15. Kh1 Qd8 16. Bxf6 Bxf6 17. Bh5+ g6 18. Qh6 Qe7 19. Bxg6+ Kd8 20. Qd2 hxg6 21. Rxf6 Qxf6 22. Qxd6+ Bd7 23. Rd1 Qe7 24. Qe5 Rh5 25. Qg3 Ra5 26. Qe1 Ra3 27. Nb1 Rxa2 28. Qc3 Rb8 29. Nd2 Ra4 30. Nb3 Rxb3 31. Qxb3 Rb4 32. Qd3 Rb6 33. e5 g5 34. Qg6 Kc7 35. h3 Rb5 36. Qd3 Rd5 37. Qe2 Rxd1+ 38. Qxd1 Qc5 39. Qe2 a5 40. Qe4 Qd5 41. Qe3 c5 42. Qxg5 a4 43. c4 Qxc4 44. Qd2 Qd5 45. Qb2 Bc6 0-1

[Event "Israel Championship 2021"]
[Site "Haifa"]
[Date "2021.03.14"]
[Round "8.12"]
[White "Haimovich, Tal"]
[Black "Efroimski, Marsel"]
[Result "1/2-1/2"]
[ECO "D33"]
[WhiteElo "2375"]
[BlackElo "2357"]
[Annotator "ChessBase"]
[PlyCount "134"]
[EventDate "2021.01.10"]
[EventType "swiss"]
[EventCountry "ISR"]
[SourceTitle "playchess.com"]
[Source "ChessBase"]
[SourceQuality "1"]
[TimeControl "40/5400+30:3600+30"]

1. d4 d5 2. c4 e6 3. Nc3 c5 4. cxd5 exd5 5. Nf3 Nc6 6. g3 Nf6 7. Bg2 cxd4 8. Nxd4 Bc5 9. Nb3 Bb6 10. O-O d4 11. Na4 O-O 12. Bg5 Re8 13. Nxb6 axb6 14. Re1 Be6 15. Bxc6 Bxb3 16. Qxb3 bxc6 17. e3 h6 18. Bxf6 Qxf6 19. exd4 Qxd4 20. Rxe8+ Rxe8 21. Rd1 Qg4 22. Kg2 Qe4+ 23. Qf3 Qe6 24. a3 c5 25. Rd3 Qc4 26. Rc3 Qd4 27. Qb7 Re6 28. Rf3 Rf6 29. Rxf6 Qxf6 30. b4 cxb4 31. axb4 Kf8 32. Qd7 g5 33. b5 Kg7 34. h3 Qe5 35. Qc6 Qd4 36. Qf3 Kg6 37. g4 Kg7 38. Qf5 Kg8 39. Kf3 Qc3+ 40. Kg2 Qd4 41. Qc8+ Kg7 42. Qc6 Kh7 43. Qf3 Kg7 44. Qf5 Kg8 45. Kf3 Qc3+ 46. Ke4 Qc4+ 47. Ke3 Qc3+ 48. Qd3 Qc5+ 49. Ke2 Kg7 50. Qd7 Kf6 51. Kf3 Qc3+ 52. Kg2 Qc5 53. Kf1 Qc4+ 54. Kg1 Qc1+ 55. Kh2 Qc5 56. Kg2 Kg7 57. Qd3 Kf6 58. Qd7 Kg7 59. Kf1 Kf6 60. Qe8 Qc4+ 61. Kg1 Qd5 62. Kf1 Qd1+ 63. Kg2 Qd5+ 64. Kg1 Qd1+ 65. Kg2 Qd6 66. Qe4 Qc5 67. Qe8 Qd5+ 1/2-1/2

[Event "Israel Championship 2021"]
[Site "Haifa"]
[Date "2021.03.14"]
[Round "8.13"]
[White "Kraus, Ohad"]
[Black "Lahav, Michal"]
[Result "0-1"]
[ECO "D10"]
[WhiteElo "2363"]
[BlackElo "2216"]
[Annotator "NA"]
[PlyCount "110"]
[EventDate "2021.01.10"]
[EventType "swiss"]
[EventCountry "ISR"]
[SourceTitle "playchess.com"]
[Source "ChessBase"]
[SourceQuality "1"]
[TimeControl "40/5400+30:3600+30"]

1. d4 d5 2. c4 c6 3. Nc3 Nf6 4. cxd5 cxd5 5. Bf4 a6 6. e3 Nc6 7. Bd3 Bg4 8. f3 Bd7 9. Nge2 e6 10. Bg3 Rc8 11. O-O Na5 12. b3 Bb4 13. Rc1 O-O 14. Nb1 Qb6 15. a3 Rxc1 16. Nxc1 Be7 17. Be1 Bb5 18. Rf2 Bxd3 19. Nxd3 Rc8 20. Rb2 Nd7 21. Qd2 Nc6 22. b4 Qa7 23. Rc2 Nb6 24. Nb2 Bd6 25. Bf2 Qb8 26. g3 $15 Qc7 27. Kg2 Qd7 28. Qd3 Ne7 29. Nd2 Rxc2 30. Qxc2 Qc6 31. Qxc6 Nxc6 32. Nb3 Nc4 33. Nxc4 dxc4 34. Nd2 b5 35. Nb1 Nxb4 36. axb4 Bxb4 37. Kf1 c3 38. Nxc3 Bxc3 39. Ke2 Kf8 40. Kd3 Bb4 41. e4 Ke7 42. g4 Kd6 43. Kc2 Kc6 44. Kb3 Bd6 45. Bg3 Bxg3 46. hxg3 h6 47. Kb4 Kb6 48. Kc3 a5 49. Kb3 Kc6 50. Kc3 Kd6 51. Kb3 g6 52. Kc3 f5 53. Kb3 fxe4 54. fxe4 b4 55. Kc2 a4 0-1